 Dungeon Crawl Stone Soup version 0.31-a0-859-g9dce7d3444 (webtiles) character file.

Game seed: 16769269056519779538

4363 croobank the Chiller (level 10, -6/74 HPs)
             Began as a Demonspawn Ice Elementalist on Oct 9, 2023.
             Was an Initiate of Gozag.
             Killed by an exploding orc (40 damage)
             ... ignited by their inner flame
             ... on level 9 of the Dungeon.
             The game lasted 00:34:36 (9870 turns).

croobank the Chiller (Demonspawn Ice Elementalist)  Turns: 9870, Time: 00:34:36

Health: -6/74      AC: 13    Str:  9    XL:     10   Next: 12%
Magic:  19/19      EV: 14    Int: 20    God:    Gozag
Gold:   773        SH:  0    Dex: 14    Spells: 10/21 levels left

rFire   . . .        K - +2 short sword (speed)
rCold   + . .        (no shield)
rNeg    . . .        M - +0 steam dragon scales
rPois   .            (helmet restricted)
rElec   .            (no cloak)
rCorr   +            e - +0 pair of gloves
SInv    +            H - +0 pair of boots
Will    .....        (no amulet)
Stlth   +++          o - ring of resist corrosion
HPRegen 3.32/turn    (no ring)
MPRegen 0.16/turn

%: no passive effects
@: gold aura, sanguine armoured
A: hooves 2, ignite blood 1, powered by death 1, sanguine armour 1, horns 1, see
invisible, cold resistance 1
a: Renounce Religion, Potion Petition, Call Merchant, Bribe Branch


You were on level 9 of the Dungeon.
You worshipped Gozag.
Gozag was pleased with you.
You visited 2 branches of the dungeon, and saw 10 of its levels.

You collected 862 gold pieces.
You paid 89 gold pieces to Gozag.

Inventory:

Hand Weapons
 a - a +0 dagger of venom
 d - a +0 orcbow
 u - a +2 dagger of speed
 w - a +2 whip of venom
 B - a +0 arbalest
 C - a +2 trident of pain
 G - a +4 flail of protection
 K - a +2 short sword of speed (weapon)
 L - a +1 broad axe of flaming
 O - a +2 short sword of draining
Missiles
 l - 25 poisoned darts
 q - 8 boomerangs
 J - a curare-tipped dart
Armour
 c - a +0 robe
 e - a +0 pair of gloves (worn)
 r - a +0 leather armour
 y - an orb of light
 H - a +0 pair of boots (worn)
 M - +0 steam dragon scales (worn)
Magical Staves
 m - a staff of conjuration
Jewellery
 o - a ring of resist corrosion (left hand)
Talismans
 F - a serpent talisman
 N - a maw talisman
Wands
 b - a wand of digging (7)
 A - a wand of iceblast (25)
 E - a wand of flame (33)
 I - a wand of paralysis (6) (quivered)
Scrolls
 f - 2 scrolls of fear
 g - 4 scrolls of amnesia
 h - 5 scrolls of identify
 k - 3 scrolls of teleportation
 n - 2 scrolls of poison
 t - a scroll of immolation
 v - 2 scrolls of silence
Potions
 i - a potion of enlightenment
 j - 3 potions of heal wounds
 p - a potion of might {unknown}
 s - 2 potions of attraction
 x - 4 potions of invisibility
 z - a potion of curing
 D - a potion of ambrosia


   Skills:
 * Level 5.1 Fighting
 + Level 6.1 Dodging
 + Level 6.5 Stealth
 + Level 6.0 Spellcasting
 * Level 5.2 Hexes
 + Level 6.8 Ice Magic


You had 10 spell levels left.
You knew the following spells:

 Your Spells              Type           Power      Damage    Failure   Level
a - Freeze                Ice            100%       1d10      1%          1
b - Frozen Ramparts       Ice            66%        1d10      1%          3
c - Ozocubu's Armour      Ice            33%        N/A       1%          3
d - Confusing Touch       Hex            27%        N/A       3%          3
e - Necrotise             Necr           24%        1d5       11%         1

Your spell library contained the following spells:

 Spells                   Type           Power      Damage    Failure   Level
 Slow                     Hex            100%       N/A       1%          1
 Sigil of Binding         Hex            27%        N/A       3%          3
 Apportation              Tloc           12%        N/A       11%         1
 Shock                    Conj/Air       24%        1d4       11%         1
 Summon Small Mammal      Summ           24%        N/A       11%         1
 Scorch                   Fire           12%        2d5       16%         2
 Summon Ice Beast         Ice/Summ       19%        N/A       26%         4
 Swiftness                Air            6%         N/A       30%         3
 Vampiric Draining        Necr           6%         2d6       30%         3
 Airstrike                Air            3%         2d(1-17)  71%         4
 Flame Wave               Conj/Fire      6%         2d5       71%         4
 Summon Cactus Giant      Summ           3%         N/A       100%        6


Dungeon Overview and Level Annotations

Branches:
Dungeon (9/15)             Temple (1/1) D:6
   Lair: D:8-11         Orc: D:9-12

Altars:
Ashenzari
Cheibriados
Dithmenos
Fedhas
Gozag
Hepliaklqana
Kikubaaqudgha
Nemelex Xobeh
Okawaru
Qazlal
Ru
Sif Muna
Trog
Uskayaw
Vehumet
Wu Jian
Xom

Shops:
D:3 !


Innate Abilities, Weirdness & Mutations

You have hoof-like feet.
Your demonic aura sometimes causes spilled blood to erupt in flames.
You regenerate a little health from kills.
When seriously injured, your blood forms armour. (AC +6)
You have a pair of small horns on your head.
You have supernaturally acute eyesight. (SInv)
Your flesh is cold resistant. (rC+)


Message History

An orc comes into view. It is wielding a +0 whip.
An orc comes into view. It is wielding a +0 falchion.
The orc shouts!
The orc priest shouts!
You hear a howl!
You hear a shout! x2
The orc priest shouts!
A warg comes into view.
As you read the scroll of immolation, it crumbles to dust.
The creatures around you are filled with an inner flame!
An orc priest comes into view. It is wielding a +0 war axe.
The orc priest looks satisfied for a moment.
An orc comes into view. It is wielding a +0 club.
An orc comes into view. It is wielding a +0 whip.
The orc shouts! x2; The wyvern hisses angrily.
You hit the orc.
Flame seeps out of the orc.
The orc is lightly wounded.
You hear a shout!
You barely miss the orc. Your headbutt misses the orc.
The orc is lightly wounded.
The orc is engulfed in blazing flames.
The orc explodes!
The fiery explosion engulfs the orc!!!
The fiery explosion engulfs the wyvern!!!
The fiery explosion engulfs you!!!
Ouch! That really hurt!
Your blood congeals into armour.
The fiery explosion engulfs the orc!!
The fiery explosion engulfs the orc warrior!
Flame seeps out of the orc warrior.
The orc warrior is heavily wounded.
The orc explodes!
The fiery explosion engulfs the human!!!
The human explodes!
The fiery explosion engulfs the orc priest!!
The orc priest explodes!
The fiery explosion engulfs the orc!!!
The orc explodes!
The fiery explosion engulfs the orc!!
The orc explodes!
The wyvern explodes!
The orc explodes!
The fiery explosion engulfs you!!!
Ouch! That really hurt!
You die...
Your body crumbles into a pile of gold.

#. #...... ..
#.###.........o...o###o.
.........##......o§§§)$$
.........##.....oh§§§§..
..........$...##o§§§§§..
...#.......$..##§§§§§§..
...#.....$....$§§§§§§...
..........$$...§○§§$..$.
..####.#######.#@o#
..####.#######...##
..........<..$.###
....###.######...##
....(##.##.....#..#
......#.##....###.######.
......+........#.........
......#.##...#....######.
.....##.##........#


You could see a warg (inner flame), an orc warrior (inner flame), 2 orc priests
and 3 orcs.

Vanquished Creatures
  A two-headed ogre (D:8)
  Maggie (D:7)
  A hornet (D:8)
  Prince Ribbit (D:7)
  Sigmund (D:2)
  A wyvern (D:9)
  A human (D:9)
  Edmund (D:6)
  2 water moccasins
  Duvessa (D:5)
  2 sky beasts
  2 orc warriors
  3 ice beasts
  An ogre (D:4)
  A centaur (D:5)
  A phantom (D:5)
  3 kobold brigands
  3 bullfrogs (D:7)
  A gnoll sergeant (D:7)
  3 scorpions
  3 wights (D:8)
  Dowan (D:5)
  3 hounds
  A jelly (D:7)
  2 orc priests
  A gnoll bouda (D:5)
  2 sleepcaps
  Jessica (D:2)
  2 iguanas
  7 orc wizards
  Natasha (thrice) (D:3)
  11 gnolls
  5 adders
  A white imp (D:3)
  An ufetubus (D:4)
  2 worms (D:2)
  A dart slug (D:1)
  35 orcs
  5 bats
  2 endoplasms (D:1)
  2 giant cockroaches
  5 goblins
  6 hobgoblins
  6 jackals (D:4)
  18 kobolds
  5 quokkas
  11 ball pythons
  2 frilled lizards
  4 rats
179 creatures vanquished.

Vanquished Creatures (others)
  A human (D:5)
1 creature vanquished.

Grand Total: 180 creatures vanquished

Notes
Turn   | Place    | Note
-------+----------+-------------------------------------------
     0 | D:1      | croobank the Demonspawn Ice Elementalist began the quest
                  | for the Orb.
     0 | D:1      | Reached XP level 1. HP: 13/13 MP: 3/3
     3 | D:1      | Noticed an electric eel
     4 | D:1      | Noticed an electric eel
   322 | D:1      | Gained mutation: You regenerate a little health from kills.
                  | [demonic ancestry]
   322 | D:1      | Reached XP level 2. HP: 16/19 MP: 0/5
   707 | D:2      | Noticed Jessica
   714 | D:2      | Killed Jessica
   715 | D:2      | Reached XP level 3. HP: 15/24 MP: 3/6
   720 | D:2      | Gained mutation: You are weak. (Str -2) [potion of
                  | mutation]
   885 | D:2      | Learned a level 3 spell: Frozen Ramparts
  1129 | D:2      | Gained mutation: When seriously injured, your blood forms
                  | armour. (AC +6) [demonic ancestry]
  1129 | D:2      | Reached XP level 4. HP: 30/30 MP: 3/7
  1445 | D:2      | Noticed Sigmund
  1458 | D:2      | Killed Sigmund
  1459 | D:2      | Reached XP level 5. HP: 24/35 MP: 3/9
  1609 | D:3      | Noticed Natasha
  1620 | D:3      | Killed Natasha
  1679 | D:3      | Found a shimmering altar of Xom.
  1689 | D:3      | Noticed Natasha
  1719 | D:3      | Killed Natasha
  1720 | D:3      | Gained mutation: You have large cloven feet. [demonic
                  | ancestry]
  1720 | D:3      | Reached XP level 6. HP: 22/41 MP: 2/11
  1784 | D:3      | Noticed Natasha
  1791 | D:3      | Killed Natasha
  1914 | D:3      | HP: 2/41 [white imp (5)]
  2157 | D:3      | Found Sanea's Distillery.
  2867 | D:4      | Found a shimmering blue altar of Sif Muna.
  3530 | D:5      | Entered Level 5 of the Dungeon
  3675 | D:4      | Gained mutation: Your demonic aura sometimes causes spilled
                  | blood to erupt in flames. [demonic ancestry]
  3675 | D:4      | Reached XP level 7. HP: 46/46 MP: 8/12
  3726 | D:5      | Reached skill level 5 in Ice Magic
  3732 | D:5      | Learned a level 1 spell: Necrotise
  4021 | D:5      | Learned a level 3 spell: Ozocubu's Armour
  4211 | D:5      | Found an ancient bone altar of Kikubaaqudgha.
  4220 | D:5      | Noticed a human
  4222 | D:5      | Killed a human
  4488 | D:5      | Noticed Duvessa
  4579 | D:5      | Noticed Dowan
  4588 | D:5      | Killed Dowan
  4589 | D:5      | Reached XP level 8. HP: 40/52 MP: 4/14
  4609 | D:5      | Killed Duvessa
  4610 | D:5      | Reached skill level 5 in Stealth
  5007 | D:5      | Reached skill level 5 in Spellcasting
  5092 | D:5      | Found a stormy altar of Qazlal.
  5126 | D:5      | Learned a level 3 spell: Confusing Touch
  5694 | D:6      | Noticed Edmund
  5723 | D:6      | Killed Edmund
  5724 | D:6      | Reached skill level 1 in Fighting
  5724 | D:6      | Reached skill level 5 in Dodging
  5724 | D:6      | Reached skill level 1 in Hexes
  5835 | D:6      | Found a staircase to the Ecumenical Temple.
  6191 | Temple   | Entered the Ecumenical Temple
  6211 | Temple   | Became a worshipper of Gozag Ym Sagoz the Greedy
  6844 | D:7      | Gained mutation: You have hoof-like feet. [demonic
                  | ancestry]
  6844 | D:7      | Reached XP level 9. HP: 62/62 MP: 16/16
  6862 | D:7      | Noticed Prince Ribbit
  6872 | D:7      | Killed Prince Ribbit
  7845 | D:7      | Noticed Maggie
  7861 | D:7      | Killed Maggie
  8589 | D:7      | Found a blossoming altar of Fedhas.
  8933 | D:8      | Lost mutation: You are weak. (Str -2) [potion of mutation]
  8933 | D:8      | Gained mutation: Your body sometimes deteriorates upon
                  | taking damage. [potion of mutation]
  8934 | D:8      | Lost mutation: Your body sometimes deteriorates upon taking
                  | damage. [potion of mutation]
  8934 | D:8      | Gained mutation: You have a pair of small horns on your
                  | head. [potion of mutation]
  8934 | D:8      | Gained mutation: Your flesh is cold resistant. (rC+)
                  | [potion of mutation]
  8934 | D:8      | Gained mutation: You have supernaturally acute eyesight.
                  | (SInv) [potion of mutation]
  9144 | D:8      | Noticed a two-headed ogre
  9155 | D:8      | Killed a two-headed ogre
  9156 | D:8      | Reached skill level 5 in Fighting
  9156 | D:8      | Reached skill level 5 in Hexes
  9156 | D:8      | Reached XP level 10. HP: 46/74 MP: 9/19
  9870 | D:9      | Killed by an exploding orc... ignited by their inner flame

Illustrated notes

Levels and vault maps discovered:
D:1:      arrival_aquarium_b, layout_rooms, serial_aquarium,
          aquarium_bridge_long_joined [aquarium_subvault_wall,
          aquarium_subvault_wall, aquarium_subvault_bridge,
          aquarium_subvault_window, aquarium_subvault_wall,
          aquarium_subvault_bridge], aquarium_window_fake, aquarium_window_2,
          aquarium_window_corner, aquarium_view_2f, aquarium_balcony_5a
D:2:      wander_river, layout_rooms, uniq_jessica, uniq_sigmund
D:3:      layout_loops_ring, xom_teletrap_fun, serial_shops,
          nicolae_shop_waterfront, uniq_natasha
D:4:      layout_loops_ring, mainiacjoe_overflow_alcove_1
D:5:      layout_cave_pools, old_standard_altar, tgw_kikubaaqudgha, uniq_duvessa
D:6:      layout_cave_pools, minmay_temple_entry_drinking_statues, uniq_edmund
D:7:      layout_layer_cave, fedhas_altar_4, hangedman_decor_opposing,
          uniq_prince_ribbit1, uniq_maggie
D:8:      layout_loops_ring, eino_small_chamber_without_monster
D:9:      layout_loops_corners, gammafunk_temple_overflow_pools, erik_orc_4,
          chequers_decorated_corner, grunt_decor_mini_mirrors,
          kennysheep_nondescript, uniq_harold, uniq_joseph
Temple:   hellmonk_temple_two_chambers

Skill      XL: |  1  2  3  4  5  6  7  8  9 |
---------------+----------------------------+-----
Stealth        | 2 3 4 5 6 |  6.5
Dodging        | 2 3 4 5 6 |  6.1
Ice Magic      | 4 5 6 |  6.8
Spellcasting   | 3 4 5 6 |  6.0
Fighting       | 2 5 |  5.1
Hexes          | 2 5 |  5.2

Action                     |  1- 3 |  4- 6 |  7- 9 | 10-12 || total
---------------------------+-------+-------+-------+-------++-------
  Melee: Spear             |    50 |       |       |       ||    50
         Unarmed           |     1 |       |       |       ||     1
         Punch             |     2 |       |     6 |       ||     8
         Dagger            |     9 |    65 |   211 |       ||   285
         Kick              |       |    14 |    50 |       ||    64
         Short sword       |       |       |    18 |    10 ||    28
         Headbutt          |       |       |     7 |     1 ||     8
  Throw: Dart              |       |       |     4 |       ||     4
         Throwing net      |       |       |     2 |       ||     2
         Boomerang         |       |       |     1 |       ||     1
   Cast: Freeze            |    18 |    13 |    27 |       ||    58
         Frozen Ramparts   |     4 |    22 |    44 |     2 ||    72
         Ozocubu's Armour  |       |       |    25 |     1 ||    26
         Necrotise         |       |       |     4 |       ||     4
         Confusing Touch   |       |       |     3 |       ||     3
  Evoke: Wand              |       |       |    10 |       ||    10
    Use: Potion            |     3 |     1 |     5 |       ||     9
         Scroll            |       |       |    12 |     1 ||    13
   Stab: Sleeping          |     7 |     8 |     8 |       ||    23
         Invisible         |       |       |     2 |       ||     2
         Confused          |       |       |     2 |       ||     2
         Paralysed         |       |       |     2 |       ||     2
 Armour: Robe              |    42 |    60 |   160 |       ||   262
         Steam dragon scal |       |       |    22 |     9 ||    31
  Dodge: Dodged            |    49 |    69 |   196 |     6 ||   320

Table legend: (Time is in decaauts)
 A = Elapsed time spent in this place.
 B = Non-inter-level travel time spent in this place.
 C = Inter-level travel time spent in this place.
 D = Time resting spent in this place.
 E = Time spent auto-exploring this place.
 F = Levels seen in this place.
 G = Mean time per level.
                   A        B        C        D        E       F      G
               +--------+--------+--------+--------+--------+-----+--------+
         Total |   9895 |   9709 |    186 |   3130 |   4825 |  10 |  989.5 |
       Dungeon |   9868 |   9682 |    186 |   3130 |   4825 |   9 | 1096.4 |
        Temple |     26 |     26 |      0 |      0 |      0 |   1 |   26.0 |
               +--------+--------+--------+--------+--------+-----+--------+

Top non-repeatable levels by time:
     D:7: 1977 daAuts
     D:5: 1810 daAuts
     D:8: 1142 daAuts
     D:3: 1131 daAuts
     D:4: 1072 daAuts
     D:6: 1054 daAuts
     D:2: 880 daAuts
     D:1: 695 daAuts
     D:9: 104 daAuts
  Temple: 26 daAuts
